 Dungeon Crawl Stone Soup version 0.28-a0-687-gb91baff9cc (webtiles) character file.

Game seed: 2353929878655799195

10906 kae the Geomancer (level 11, 0/64 HPs)
             Began as a Gargoyle Earth Elementalist on Oct 19, 2021.
             Was a Believer of Vehumet.
             Slain by a six-headed hydra (8 damage)
             ... on level 1 of the Lair of Beasts.
             The game lasted 00:14:09 (13429 turns).

kae the Geomancer (Gargoyle Earth Elementalist)    Turns: 13429, Time: 00:14:09

Health: 0/64       AC: 14    Str: 12    XL:     11   Next: 69%
Magic:  5/21       EV: 14    Int: 19    God:    Vehumet [**....]
Gold:   349        SH:  0    Dex: 16    Spells: 14/24 levels left

rFire   . . .      SeeInvis +   d - +0 short sword
rCold   . . .      Faith    .   (no shield)
rNeg    + . .      Spirit   .   b - +1 robe
rPois   ∞          Reflect  .   C - +0 mask of the Dragon {Will+ Slay+3 SInv}
rElec   +          Harm     .   (no cloak)
rCorr   .          Rampage  .   c - +0 pair of gloves
Will    +....                   k - +1 pair of boots
Stlth   ++........              g - amulet of regeneration
HPRegen 1.20/turn               A - +6 ring of dexterity
MPRegen 0.17/turn               D - ring of see invisible

@: about to teleport
A: sickness immunity, AC +8, negative energy resistance 1, electricity
resistance, torment resistance 1, petrification resistance
a: Renounce Religion


You were on level 1 of the Lair of Beasts.
You worshipped Vehumet.
Vehumet was pleased with you.
You visited 3 branches of the dungeon, and saw 12 of its levels.
You also visited: Ossuary.

You collected 1592 gold pieces.
You spent 1243 gold pieces at shops.

Inventory:

Hand Weapons
 a - a +0 club
 d - a +0 short sword (weapon)
Missiles
 x - 70 stones
Armour
 b - a +1 robe (worn)
 c - a +0 pair of gloves (worn)
 k - a +1 pair of boots (worn)
 C - the +0 mask of the Dragon (worn) {Will+ Slay+3 SInv}
   (You bought it in a shop on level 9 of the Dungeon)

   Slay:      It affects your accuracy & damage with ranged weapons and melee
   (+3).
   SInv:      It lets you see invisible.
   Will:      It increases your willpower.
Jewellery
 g - an amulet of regeneration (around neck)
 A - a +6 ring of dexterity (left hand)
 D - a ring of see invisible (right hand)
Wands
 m - a wand of polymorph (12)
 r - a wand of flame (45)
 w - a wand of iceblast (10)
 B - a wand of digging (4)
Scrolls
 n - a scroll of amnesia
 t - a scroll of immolation
 u - a scroll of blinking
 v - 2 scrolls of enchant armour
 y - 4 scrolls of teleportation
 F - 3 scrolls of identify
 G - a scroll of brand weapon {unknown}
Potions
 e - 4 potions of mutation
 f - 2 potions of brilliance
 h - a potion of haste
 i - 3 potions of invisibility
 j - 4 potions of resistance
 l - a potion of heal wounds
 o - a potion of flight
 p - a potion of ambrosia
 q - 2 potions of magic
 s - a potion of berserk rage {unknown}
 z - 4 potions of curing {unknown}
 E - a potion of attraction


   Skills:
 + Level 6.1 Fighting
 + Level 4.9 Dodging
 - Level 2.1 Stealth
 - Level 7.0 Spellcasting
 - Level 11.0 Conjurations
 - Level 0.7 Transmutations
 - Level 13.0 Earth Magic


You had 14 spell levels left.
You knew the following spells:

 Your Spells              Type           Power      Damage    Failure   Level
a - Sandblast             Erth           100%       2d20      1%          1
b - Stone Arrow           Conj/Erth      100%       3d13      1%          3
c - Passwall              Tmut/Erth      26%        N/A       1%          2
d - Petrify               Tmut/Erth      32%        N/A       6%          4

Your spell library contained the following spells:

 Spells                   Type           Power      Damage    Failure   Level
 Shock                    Conj/Air       100%       1d9       1%          1
 Magic Dart               Conj           100%       1d8       1%          1
 Searing Ray              Conj           96%        2d7       1%          2
 Freeze                   Ice            24%        1d5       10%         1
 Fulminant Prism          Conj/Hex       13%        3d9       11%         4
 Hailstorm                Conj/Ice       27%        3d7       11%         4
 Blink                    Tloc           N/A        N/A       16%         2
 Irradiate                Conj/Tmut      14%        3d18      26%         5
 Lightning Bolt           Conj/Air       13%        1d27      28%         5
 Frozen Ramparts          Ice            12%        1d3       30%         3
 Inner Flame              Hex/Fire       6%         N/A       30%         3
 Lesser Beckoning         Tloc           6%         N/A       30%         3
 Ice Form                 Ice/Tmut       8%         N/A       65%         4
 Airstrike                Air            3%         N/A       69%         4
 Cause Fear               Hex            3%         N/A       69%         4
 Summon Lightning Spire   Summ/Air       6%         N/A       69%         4
 Manifold Assault         Tloc           6%         N/A       95%         5
 Simulacrum               Ice/Necr       3%         N/A       100%        6
 Discord                  Hex            3%         N/A       100%        8
 Sublimation of Blood     Necr           Unusable   N/A       N/A         2

Dungeon Overview and Level Annotations

Branches:
Dungeon (10/15)            Temple (1/1) D:5            Lair (1/6) D:10
    Orc (0/2) D:9         Ossuary (visited)

Altars:
Ashenzari
Cheibriados
Dithmenos
Elyvilon
Fedhas
Gozag
Hepliaklqana
Kikubaaqudgha
Makhleb
Nemelex Xobeh
Okawaru
Qazlal
Ru
Sif Muna
Trog
Uskayaw
Vehumet
Wu Jian
Xom
Yredelemnul
Zin
The Shining One

Shops:
D:4 *   D:9 *[

Annotations:
D:1 1 runed translucent door
D:4 exclusion: centaur


Innate Abilities, Weirdness & Mutations

You are immune to sickness and miasma.
Your stone body is resilient. (AC +8)
You are immune to poison.
You resist negative energy. (rN+)
You are resistant to electric shocks. (rElec)
You are resistant to unholy torment.
You are immune to petrification.


Message History

The blink frog is heavily wounded.
The blink frog hits you!
The blink frog blinks!
A six-headed hydra comes into view.
You swing at nothing.
You hit the six-headed hydra.
The six-headed hydra is lightly wounded.
The six-headed hydra bites you but does no damage.
The six-headed hydra barely misses you. The six-headed hydra bites you!
The six-headed hydra barely misses you. The six-headed hydra bites you.
The six-headed hydra bites you but does no damage.
You hit the six-headed hydra.
The six-headed hydra is lightly wounded.
The six-headed hydra bites you but does no damage.
The six-headed hydra bites you.
The six-headed hydra bites you but does no damage.
The six-headed hydra bites you.
The six-headed hydra bites you but does no damage. x2
As you read the scroll of teleportation, it crumbles to dust.
You feel strangely unstable. The six-headed hydra bites you! x2
The six-headed hydra barely misses you. The six-headed hydra bites you.
* * * LOW HITPOINT WARNING * * *
The six-headed hydra bites you.
* * * LOW HITPOINT WARNING * * *
The six-headed hydra bites you.
* * * LOW HITPOINT WARNING * * *
You feel much better.
The blink frog blinks!
The six-headed hydra bites you. x2
The six-headed hydra closely misses you.
The six-headed hydra bites you!
* * * LOW HITPOINT WARNING * * *
The six-headed hydra bites you.
* * * LOW HITPOINT WARNING * * *
The six-headed hydra barely misses you.
Okay, then.
The six-headed hydra bites you!
* * * LOW HITPOINT WARNING * * *
The six-headed hydra bites you but does no damage.
The six-headed hydra misses you. x2
The six-headed hydra bites you but does no damage.
The six-headed hydra bites you!
You die...

#.....# ##...†.#
#......# ##.# #..#
##.## # # #.§# ...###
##FD## ##.#.####FF#@#
# ###......##..###
###....##.....F#
#.......#####..##
.......## ##..#
........## ###.##
.#.......####.##.##
.##......PP...##..##
.##..........P.##..##


You could see a six-headed hydra and a blink frog.

Vanquished Creatures
  A hydra (Lair:1)
  2 two-headed ogres (D:9)
  A cane toad (Lair:1)
  A komodo dragon (Lair:1)
  3 slime creatures (D:9)
  A blink frog (Lair:1)
  A meliai zombie (D:10)
  A wyvern (D:10)
  A human (D:9)
  A wraith (D:10)
  16 yaks
  A warg (D:9)
  2 water moccasins
  3 swamp worms (D:7)
  Duvessa (D:4)
  5 orc warriors
  An ice beast (D:6)
  A black bear (D:8)
  A hornet zombie (D:9)
  A necrophage (D:7)
  3 centaurs
  5 ogres
  A kobold brigand (D:10)
  A gnoll sergeant (D:9)
  5 bullfrogs
  7 scorpions
  Dowan (D:4)
  3 killer bees
  6 howler monkeys
  4 centaur zombies
  3 hounds
  8 orc priests
  3 centaur skeletons
  A human zombie (Ossuary)
  A bullfrog skeleton (D:7)
  Jessica (D:2)
  An iguana (D:4)
  Ijyb (D:5)
  Natasha (thrice) (D:2)
  13 orc wizards
  3 killer bee zombies
  A howler monkey zombie (D:6)
  4 mummies (Ossuary)
  3 gnolls (D:9)
  6 adders
  An ufetubus (D:6)
  2 worm zombies (D:7)
  An adder skeleton (D:4)
  3 worms
  5 dart slugs
  28 orcs
  17 bats
  8 endoplasms
  3 giant cockroaches
  10 goblins
  11 hobgoblins
  2 jackals (D:2)
  4 quokkas
  12 ball pythons
  A frilled lizard (D:1)
  2 goblin zombies
  A hobgoblin zombie (Ossuary)
  12 kobolds
  3 orc zombies (Ossuary)
  6 rats
265 creatures vanquished.

Vanquished Creatures (others)
  5 plants
5 creatures vanquished.

Grand Total: 270 creatures vanquished

Notes
Turn   | Place    | Note
-------+----------+-------------------------------------------
     0 | D:1      | kae the Gargoyle Earth Elementalist began the quest for the
                  | Orb.
     0 | D:1      | Reached XP level 1. HP: 10/10 MP: 3/3
     1 | D:1      | Found a runed translucent door.
   170 | D:1      | Reached skill level 4 in Earth Magic
   322 | D:1      | Reached XP level 2. HP: 15/15 MP: 5/5
  1224 | D:1      | Reached XP level 3. HP: 19/19 MP: 3/6
  1228 | D:1      | Learned a level 3 spell: Stone Arrow
  1580 | D:2      | Found a basalt altar of Yredelemnul.
  1847 | D:2      | Noticed Natasha
  1850 | D:2      | Killed Natasha
  1851 | D:2      | Reached skill level 1 in Conjurations
  1851 | D:2      | Reached skill level 5 in Earth Magic
  1851 | D:2      | Reached XP level 4. HP: 24/24 MP: 5/7
  1903 | D:2      | Noticed Natasha
  1912 | D:2      | Killed Natasha
  1976 | D:2      | Noticed Jessica
  1999 | D:2      | Killed Jessica
  2000 | D:2      | Reached XP level 5. HP: 28/28 MP: 5/9
  2130 | D:2      | Noticed Natasha
  2134 | D:2      | Killed Natasha
  2473 | D:3      | Found a shimmering altar of Xom.
  3176 | D:3      | Found a faded altar of an unknown god.
  3518 | D:4      | Found Gaewkoi's Assorted Antiques.
  3576 | D:4      | Bought a scroll labelled DIBRIG WOEZIUC for 33 gold pieces
  3576 | D:4      | Bought a scroll labelled IFANAFAISI for 33 gold pieces
  3576 | D:4      | Bought a scroll labelled OMANACREITA for 33 gold pieces
  3590 | D:4      | Reached skill level 6 in Earth Magic
  3590 | D:4      | Reached XP level 6. HP: 27/32 MP: 5/10
  3942 | D:4      | Noticed Duvessa
  3942 | D:4      | Noticed Dowan
  3956 | D:4      | Killed Dowan
  3958 | D:5      | Entered Level 5 of the Dungeon
  4007 | D:5      | Identified the +1 robe "Eddum" {rPois Int-4 Dex-5 SInv}
  4018 | D:5      | Reached XP level 7. HP: 36/36 MP: 0/12
  4157 | D:5      | Reached skill level 7 in Earth Magic
  4284 | D:5      | Reached skill level 5 in Conjurations
  4359 | D:5      | Noticed Ijyb
  4439 | D:4      | Killed Duvessa
  4787 | D:4      | You fall into a shaft and drop 3 floors!
  4790 | D:7      | Reached XP level 8. HP: 41/41 MP: 7/14
  4839 | D:7      | Acquired 1038 gold pieces
  4950 | D:7      | Found a sand-covered staircase.
  5035 | Ossuary  | Entered an ossuary
  5076 | Ossuary  | Reached skill level 8 in Earth Magic
  5184 | Ossuary  | Learned a level 2 spell: Passwall
  5189 | Ossuary  | Learned a level 4 spell: Petrify
  6238 | D:7      | Reached skill level 9 in Earth Magic
  6576 | D:7      | HP: 1/41 [swamp worm (5)]
  6701 | D:7      | Reached skill level 5 in Spellcasting
  6701 | D:7      | Reached XP level 9. HP: 34/45 MP: 9/16
  7537 | D:6      | Reached skill level 10 in Earth Magic
  8116 | D:5      | Found a glowing silver altar of Zin.
  8123 | D:5      | Killed Ijyb
  8124 | D:5      | Found a staircase to the Ecumenical Temple.
  8139 | Temple   | Entered the Ecumenical Temple
  8380 | Temple   | Became a worshipper of Vehumet
  9399 | D:7      | Reached skill level 11 in Earth Magic
  9647 | D:7      | Reached XP level 10. HP: 50/50 MP: 7/18
 10436 | D:9      | Found Denumneysa's Antique Armour Shop.
 10444 | D:9      | Bought the +0 mask of the Dragon {Will+ Slay+3 SInv} for
                  | 1102 gold pieces
 10444 | D:9      | Found the +0 mask of the Dragon {Will+ Slay+3 SInv}
 10489 | D:9      | Noticed a two-headed ogre
 10497 | D:9      | Killed a two-headed ogre
 10706 | D:9      | Reached * piety under Vehumet
 10706 | D:9      | Offered knowledge of Magic Dart by Vehumet.
 10707 | D:9      | Reached skill level 10 in Conjurations
 10870 | D:9      | Found a staircase to the Orcish Mines.
 10878 | D:9      | Noticed a two-headed ogre
 10882 | D:9      | Reached skill level 12 in Earth Magic
 10910 | D:9      | Killed a two-headed ogre
 11688 | D:9      | Reached XP level 11. HP: 55/55 MP: 11/21
 11754 | D:9      | Found a sparkling altar of Nemelex Xobeh.
 11761 | D:9      | Reached skill level 13 in Earth Magic
 11948 | D:9      | Reached skill level 1 in Fighting
 12161 | D:9      | Found Otzayl's General Store.
 12169 | D:9      | Bought a potion of attraction for 42 gold pieces
 12243 | D:9      | Found a sparkling altar of Nemelex Xobeh.
 12325 | D:10     | Entered Level 10 of the Dungeon
 12325 | D:10     | Found a staircase to the Lair.
 12343 | D:10     | Found a sacrificial altar of Ru.
 12448 | D:10     | Offered knowledge of Shock by Vehumet.
 12542 | D:10     | Reached ** piety under Vehumet
 13194 | Lair:1   | Entered Level 1 of the Lair of Beasts
 13243 | Lair:1   | Reached skill level 5 in Fighting
 13268 | Lair:1   | Noticed a five-headed hydra
 13278 | Lair:1   | Killed a five-headed hydra
 13424 | Lair:1   | Noticed a six-headed hydra
 13429 | Lair:1   | Slain by a six-headed hydra

Illustrated notes

Levels and vault maps discovered:
D:1:      dpeg_arrival_caged_fury, layout_loops_corners
D:2:      layout_rooms, basic_altar, kennysheep_jessica_study, uniq_natasha
D:3:      cheibrodos_greedy_goblins, layout_basic, mainiacjoe_overflow_alcove_2,
          dreamdust_ecumenical_altar_statues
D:4:      layout_basic, serial_shops, shop, minmay_manual_mares, uniq_duvessa
D:5:      old_forge, layout_basic, mainiacjoe_overflow_boulevard,
          minmay_temple_entry_arrows, uniq_ijyb
D:6:      layout_basic
D:7:      layout_loops_ring, enter_ossuary_3, worms_lemuel
D:8:      layout_layer_cave
D:9:      layout_stronghold, nemelex_diamond_rough_becter, erik_orc_4,
          serial_shops, nicolae_shop_stone, shop, kennysheep_small_circle
D:10:     layout_small_grid, nicolae_ru_awakened_eye, lair_entry_dummy
Temple:   regret_index_temple_mists
Lair:1:   layout_cave_pods, lemuel_fruit_fields

Skill      XL: |  1  2  3  4  5  6  7  8  9 10 11 |
---------------+----------------------------------+-----
Earth Magic    | 4 5 6 7 9 11 12 13 | 13.0
Conjurations   | 1 2 3 4 5 7 9 11 | 11.0
Spellcasting   | 3 4 5 7 |  7.0
Fighting       | 6 |  6.1
Dodging        | 4 |  4.9
Stealth        | |  2.1
Transmutations | |  0.7

Action                   |  1- 3 |  4- 6 |  7- 9 | 10-12 || total
-------------------------+-------+-------+-------+-------++-------
Melee: Unarmed           |    15 |       |       |       ||    15
       Club              |    17 |       |       |       ||    17
       Short sword       |    33 |    64 |   183 |    43 ||   323
 Cast: Sandblast         |    26 |    63 |    24 |   103 ||   216
       Stone Arrow       |       |     7 |   128 |    77 ||   212
       Petrify           |       |       |     1 |     1 ||     2
  Use: Scroll            |     1 |     6 |    11 |     5 ||    23
       Potion            |       |       |     2 |     1 ||     3
 Stab: Sleeping          |     5 |       |       |       ||     5
Armor: Robe              |    28 |    40 |   200 |    67 ||   335
Dodge: Dodged            |    46 |    45 |   155 |   107 ||   353

Table legend: (Time is in decaauts)
 A = Elapsed time spent in this place.
 B = Non-inter-level travel time spent in this place.
 C = Inter-level travel time spent in this place.
 D = Time resting spent in this place.
 E = Time spent auto-exploring this place.
 F = Levels seen in this place.
 G = Mean time per level.
                   A        B        C        D        E       F      G
               +--------+--------+--------+--------+--------+-----+--------+
         Total |  13541 |  13067 |    474 |   2613 |   8342 |  13 | 1041.6 |
       Dungeon |  12347 |  11894 |    453 |   2110 |   7925 |  10 | 1234.7 |
        Temple |    255 |    235 |     20 |     79 |    122 |   1 |  255.0 |
          Lair |    236 |    236 |      0 |     78 |     95 |   1 |  236.0 |
       Ossuary |    703 |    703 |      0 |    346 |    200 |   1 |  703.0 |
               +--------+--------+--------+--------+--------+-----+--------+

Top non-repeatable levels by time:
     D:7: 1924 daAuts
     D:9: 1812 daAuts
     D:5: 1445 daAuts
     D:1: 1389 daAuts
     D:3: 1240 daAuts
     D:6: 1075 daAuts
     D:8: 886 daAuts
    D:10: 877 daAuts
     D:2: 851 daAuts
     D:4: 843 daAuts
 Ossuary: 703 daAuts
  Temple: 255 daAuts
  Lair:1: 236 daAuts
